 Dungeon Crawl Stone Soup version 0.29-a0-334-gb41bcbb86e (webtiles) character file.

Game seed: 5573167931960209701

3 rageheart7 the Sneak (level 1, -4/21 HPs)
             Began as a Naga Delver on Apr 14, 2022.
             Slain by an iguana (14 damage)
             ... on level 4 of the Dungeon.
             The game lasted 00:00:21 (36 turns).

rageheart7 the Sneak (Naga Delver)                    Turns: 36, Time: 00:00:22

Health: -4/21      AC:  1    Str: 14    XL:     1   Next: 50%
Magic:  1/1        EV:  9    Int: 10    God:
Gold:   0          SH:  0    Dex: 12    Spells: 0/0 levels left

rFire   . . .      SeeInvis +   h - +2 dagger (vamp)
rCold   . . .      Faith    .   (no shield)
rNeg    . . .      Spirit   .   b - +0 leather armour
rPois   +          Reflect  .   (no helmet)
rElec   .          Harm     .   (no cloak)
rCorr   .          Rampage  .   (no gloves)
Will    .....                   (no barding)
Stlth   +++.......              (no amulet)
HPRegen 0.07/turn               (no ring)
MPRegen 0.07/turn               (no ring)

@: very slow
A: AC +0, large, see invisible, deformed body, poison resistance, slowness 2,
spit poison 1, naga tail 1
a: Spit Poison


You were on level 4 of the Dungeon.
You visited 1 branch of the dungeon, and saw 2 of its levels.

Inventory:

Hand Weapons
 a - a +0 falchion
 h - a +2 vampiric dagger (weapon)
Armour
 b - a +0 leather armour (worn)
Wands
 g - a wand of digging (3)
Scrolls
 c - a scroll of fog
 d - a scroll of magic mapping
 e - a scroll of fear
Potions
 f - 2 potions of haste


   Skills:
 * Level 3.1 Fighting
 * Level 2.1 Long Blades
 - Level 1.5 Dodging
 - Level 7.2 Stealth


You couldn't memorise any spells.
You didn't know any spells.
Your spell library was empty.

Dungeon Overview and Level Annotations

Branches:
Dungeon (5/15)
 Temple: D:4-7

Altars:

Annotations:
D:5 Eustachio


Innate Abilities, Weirdness & Mutations

Your serpentine skin is tough. (AC +0)
You have supernaturally acute eyesight. (SInv)
Armour fits poorly on your strangely shaped body.
Your system is resistant to poisons. (rPois)
You cover ground very slowly.
You can spit poison.
You have a snake-like lower body.


Message History

There are monsters nearby!
You hit the quokka.
The quokka is almost dead.
The quokka barely misses you. x2
You hit the quokka.
You kill the quokka!
You see here a quokka corpse.
The giant cockroach barely misses you.
You hit the giant cockroach.
The giant cockroach is almost dead.
The giant cockroach bites you.
You barely miss the giant cockroach.
The giant cockroach is almost dead.
The giant cockroach closely misses you.
You completely miss the giant cockroach.
The giant cockroach is almost dead.
The giant cockroach closely misses you. The giant cockroach barely misses you.
You closely miss the giant cockroach.
The giant cockroach is almost dead.
The giant cockroach bites you but does no damage.
You hit the giant cockroach but do no damage.
The giant cockroach is almost dead.
The giant cockroach barely misses you.
You hit the giant cockroach.
You feel better.
You kill the giant cockroach!
No target in view!
No target in view!
A kobold comes into view. It is wielding a +1 vampiric whip.
Found a robe.
A kobold is nearby!
An iguana comes into view.
Found 2 dark potions.
An orc comes into view. It is wielding a +0 dagger.
The orc shouts!
You hear an angry growl.
You hear an angry hiss.
A black bear comes into view.
The iguana bites you!
Ouch! That really hurt!
The iguana attacks as you move away! The iguana bites you!
Ouch! That really hurt!
You die...

#............#
#............+
#.......!....#
..[.........#
#..........#
#..........#
#.....l....#
+....@o....#
#.........K#
####+####.........h..
..........##########.
..........#
........†.#
..........#
..........#
..........#


You could see a black bear, an iguana, an orc and a kobold (wandering).

Vanquished Creatures
  A giant cockroach (D:4)
  A quokka (D:4)
  A kobold (D:4)
3 creatures vanquished.

Notes
Turn   | Place    | Note
-------+----------+-------------------------------------------
     0 | D:5      | rageheart7 the Naga Delver began the quest for the Orb.
     0 | D:5      | Reached XP level 1. HP: 21/21 MP: 1/1
     4 | D:5      | Noticed Eustachio
     6 | D:5      | Noticed an ice beast
    32 | D:4      | Noticed an iguana
    35 | D:4      | Noticed a black bear
    36 | D:4      | Slain by an iguana

Illustrated notes

Levels and vault maps discovered:
D:4:      layout_gridville, uniq_natasha
D:5:      minmay_chambers_of_fours, layout_cave_pools,
          mainiacjoe_overflow_alcove_4, serial_gnoll_camp,
          gnoll_camp_mini_house, gnoll_camp_mini_sergeant, gnoll_camp_mini_hut,
          gnoll_camp_mini_loothouse, gnoll_camp_huts_basic, gnoll_camp_mini_hut,
          uniq_eustachio, uniq_sigmund, uniq_grinder

Action                   || total
-------------------------++-------
Melee: Dagger            ||     8
       Falchion          ||     1
Armor: Leather armour    ||     1
Dodge: Dodged            ||     8

Table legend: (Time is in decaauts)
 A = Elapsed time spent in this place.
 B = Non-inter-level travel time spent in this place.
 C = Inter-level travel time spent in this place.
 D = Time resting spent in this place.
 E = Time spent auto-exploring this place.
 F = Levels seen in this place.
 G = Mean time per level.
                   A        B        C        D        E       F      G
               +--------+--------+--------+--------+--------+-----+--------+
         Total |     43 |     43 |      0 |      0 |      6 |   2 |   21.5 |
       Dungeon |     43 |     43 |      0 |      0 |      6 |   2 |   21.5 |
               +--------+--------+--------+--------+--------+-----+--------+

Top non-repeatable levels by time:
     D:4: 33 daAuts
     D:5: 10 daAuts
